 Dungeon Crawl Stone Soup version 0.30-a0-691-g754fce4c43 (webtiles) character file.

Game seed: 11584476715480594738

1658 IdlyInterested the Basher (level 8, -8/58 HPs)
             Began as a Demonspawn Gladiator on Jan 19, 2023.
             Mangled by a gnoll sergeant
             ... wielding a +0 spear
              (13 damage)
             ... on level 6 of the Dungeon.
             The game lasted 00:16:46 (4859 turns).

IdlyInterested the Basher (Demonspawn Gladiator)    Turns: 4859, Time: 00:16:46

Health: -8/58      AC:  6    Str: 14    XL:     8   Next: 68%
Magic:  0/17       EV: 12    Int:  9    God:
Gold:   284        SH:  4    Dex: 18    Spells: 7/7 levels left

rFire   . . .      SeeInvis .    a - +1 flail
rCold   . . .      Faith    .    (no shield)
rNeg    . . .      Spirit   +    I - +0 troll leather armour {Pargi}
rPois   +          Reflect  .    c - +0 helmet
rElec   .          Harm     .    G - +0 cloak of Honour {rPois}
rCorr   .          Rampage  .    (gloves unavailable)
Will    .....                    (no boots)
Stlth   +                        m - amulet of guardian spirit
HPRegen 1.09/turn                i - ring of poison resistance
MPRegen 0.15/turn                F - ring of magical power

@: mighty
A: condensation shield, demonic magic 1, demonic touch 3
a: no special abilities


You were on level 6 of the Dungeon.
You visited 2 branches of the dungeon, and saw 7 of its levels.
You also visited: Sewer.

You collected 284 gold pieces.

Inventory:

Hand Weapons
 a - a +1 flail (weapon)
Missiles
 d - 4 throwing nets
 e - a javelin
 k - 44 stones
 s - 6 boomerangs
 x - 15 poisoned darts (quivered)
Armour
 c - a +0 helmet (worn)
 n - a +1 chain mail
 q - a +1 hat
 G - the +0 cloak of Honour (worn) {rPois}
   (You found it on level 5 of the Dungeon)

   rPois:     It protects you from poison.
 I - a +0 troll leather armour (worn) {Pargi}
Magical Staves
 D - a staff of air
Jewellery
 i - a ring of poison resistance (left hand)
 m - an amulet of guardian spirit (around neck)
 t - a ring of flight
 F - a ring of magical power (right hand)
Wands
 o - a wand of flame (16)
Scrolls
 p - 2 scrolls of enchant armour
 C - a scroll of identify
 H - a scroll of teleportation
Potions
 b - a potion of cancellation
 f - a potion of flight
 g - 4 potions of haste
 h - a potion of mutation
 l - 3 potions of curing
 r - 4 potions of lignification
 J - 2 potions of magic


   Skills:
 * Level 3.2 Fighting
 * Level 9.8 Maces & Flails
 - Level 1.7 Throwing
 - Level 2.0 Armour
 - Level 2.6 Dodging
 - Level 2.0 Evocations


You had 7 spell levels left.
You didn't know any spells.
Your spell library contained the following spells:

 Spells                   Type           Power      Damage    Failure   Level
 Ensorcelled Hibernation  Hex/Ice        0%         N/A       58%         2
 Passwall                 Tmut/Erth      0%         N/A       58%         2
 Swiftness                Air            0%         N/A       83%         3


Dungeon Overview and Level Annotations

Branches:
Dungeon (6/15)             Temple (1/1) D:5           Sewer (visited)

Altars:
Ashenzari
Cheibriados
Dithmenos
Fedhas
Gozag
Hepliaklqana
Kikubaaqudgha
Makhleb
Nemelex Xobeh
Okawaru
Qazlal
Trog
Uskayaw
Vehumet
Wu Jian
Xom
Yredelemnul


Innate Abilities, Weirdness & Mutations

A meltable shield of frost defends you. (SH +4)
Spells you cast may paralyse adjacent enemies.
Your touch may irresistibly damage your foes and sap their willpower.


Message History

The orc hits you but does no damage.
You hit something. Your touch misses something. The orc closely misses you.
The gnoll completely misses you. The gnoll barely misses you.
Something hits you.
The gnoll sergeant hits you from afar with a +0 spear.
You block the orc's attack.
You hit the gnoll.
You touch the gnoll!
You kill the gnoll!
You block something's attack.
The gnoll hits you from afar with a +0 halberd.
You block the gnoll sergeant's attack. You block the orc's attack.
The orc hits you but does no damage. The gnoll attacks as you move away!
The gnoll hits you but does no damage. The orc hits you with a +0 short sword.
The gnoll closely misses you. Something hits you but does no damage.
The gnoll sergeant hits you with a +0 spear!
* * * LOW HITPOINT WARNING * * *
Items here: )) [ ††.
You completely miss the gnoll sergeant. The gnoll barely misses you.
Something hits you.
* * * LOW HITPOINT WARNING * * *
You block the orc's attack.
The gnoll sergeant hits you but does no damage.
The orc hits you but does no damage. The gnoll barely misses you.
You hit the gnoll sergeant.
The gnoll sergeant is moderately wounded.
Something hits you but does no damage. The gnoll barely misses you.
The gnoll sergeant hits you with a +0 spear!
* * * LOW HITPOINT WARNING * * *
The orc barely misses you. The gnoll closely misses you.
The orc closely misses you.
Okay, then.
Okay, then.
You barely miss the gnoll sergeant. You punch the gnoll sergeant.
The gnoll sergeant is moderately wounded.
The orc hits you with a +0 short sword.
* * * LOW HITPOINT WARNING * * *
Something completely misses you. The gnoll closely misses you.
The gnoll sergeant hits you with a +0 spear!
You die...

#.........#
#.........#
#.........+
#........?#
#.........#
#.........#####
#....)<.......
#(..goo.......
#....@{.......
#...gg........
+......../....
#............!
.....##########
...... ......
......


You could see a gnoll sergeant, 2 gnolls and 2 orcs.

Vanquished Creatures
  The ghost of FireHeadGirl the Trooper, an amateur HuAr (D:4)
  Menkaure (D:5)
  An orc warrior (D:6)
  Pargi (Sewer)
  2 ogres
  A black bear (D:4)
  2 necrophages (D:5)
  3 scorpions
  A killer bee (D:4)
  A hound (D:5)
  4 orc priests
  Natasha (thrice) (D:3)
  3 iguanas
  Robin (D:3)
  5 gnolls
  4 adders
  2 river rats (D:5)
  A worm (D:2)
  4 dart slugs
  18 orcs
  11 ball pythons
  6 endoplasms
  15 goblins
  7 hobgoblins
  4 jackals (D:1)
  6 kobolds
  5 quokkas
  4 bats
  4 frilled lizards
  3 rats
124 creatures vanquished.

Vanquished Creatures (collateral kills)
  A black bear (D:4)
1 creature vanquished.

Grand Total: 125 creatures vanquished

Notes
Turn   | Place    | Note
-------+----------+-------------------------------------------
     0 | D:1      | IdlyInterested the Demonspawn Gladiator began the quest for
                  | the Orb.
     0 | D:1      | Reached XP level 1. HP: 16/16 MP: 1/1
    71 | D:1      | Reached skill level 3 in Maces & Flails
    82 | D:1      | Discovered your monstrous ancestry.
    82 | D:1      | Gained mutation: Your touch may inflict minor irresistible
                  | damage on your foes. [demonic ancestry]
    82 | D:1      | Reached XP level 2. HP: 13/22 MP: 2/2
   506 | D:1      | Gained mutation: Spells you cast may paralyse adjacent
                  | enemies. [demonic ancestry]
   506 | D:1      | Reached XP level 3. HP: 27/27 MP: 3/3
  1096 | D:2      | Reached skill level 4 in Maces & Flails
  1154 | D:2      | Gained mutation: A meltable shield of frost defends you.
                  | (SH +4) [demonic ancestry]
  1154 | D:2      | Reached XP level 4. HP: 22/33 MP: 4/4
  1168 | D:2      | Reached skill level 1 in Armour
  1932 | D:3      | Noticed Robin
  1945 | D:3      | Reached XP level 5. HP: 35/38 MP: 5/5
  1958 | D:3      | Reached skill level 5 in Maces & Flails
  1964 | D:3      | Killed Robin
  2276 | D:3      | Noticed Natasha
  2280 | D:3      | Killed Natasha
  2411 | D:3      | Noticed Natasha
  2421 | D:3      | Killed Natasha
  2638 | D:3      | Noticed Natasha
  2646 | D:3      | Killed Natasha
  2668 | D:4      | Reached XP level 6. HP: 22/44 MP: 3/6
  2669 | D:4      | Reached skill level 6 in Maces & Flails
  2717 | D:4      | Reached skill level 1 in Evocations
  2807 | D:4      | Noticed FireHeadGirl's ghost (amateur HuAr)
  2808 | D:4      | Found a runed translucent gate.
  2808 | D:4      | Found a runed translucent gate.
  2809 | D:4      | Found a runed translucent gate.
  2843 | D:4      | Reached skill level 7 in Maces & Flails
  2843 | D:4      | Gained mutation: Your touch may inflict irresistible damage
                  | on your foes. [demonic ancestry]
  2843 | D:4      | Reached XP level 7. HP: 44/50 MP: 3/7
  3460 | D:4      | Killed FireHeadGirl's ghost
  3461 | D:4      | Reached skill level 8 in Maces & Flails
  3634 | D:5      | Entered Level 5 of the Dungeon
  3655 | D:5      | Gained mutation: Your touch may irresistibly damage your
                  | foes and sap their willpower. [demonic ancestry]
  3655 | D:5      | Reached XP level 8. HP: 26/56 MP: 4/8
  3724 | D:5      | Found a staircase to the Ecumenical Temple.
  3803 | D:5      | Identified the +0 cloak of Honour {rPois}
  3909 | D:5      | Found a glowing drain.
  3928 | Sewer    | Entered a sewer
  3952 | Sewer    | Noticed Pargi
  3959 | Sewer    | Killed Pargi
  4176 | D:5      | Found a stormy altar of Qazlal.
  4184 | D:5      | Found a burning altar of Makhleb.
  4231 | D:5      | Noticed Menkaure
  4247 | D:5      | Killed Menkaure
  4248 | D:5      | Reached skill level 9 in Maces & Flails
  4575 | Temple   | Entered the Ecumenical Temple
  4859 | D:6      | Mangled by a gnoll sergeant

Illustrated notes

Levels and vault maps discovered:
D:1:      saegor_arrival_simple_e, layout_rooms, serial_corexii_hall,
          chequers_hall_statues_wall_a, chequers_hall_statues_corner_a,
          corexii_hall_statues_deadend, chequers_hall_statues_y,
          item_on_display_a
D:2:      layout_loops_ring
D:3:      layout_basic, kennysheep_generic_room_8, uniq_robin, uniq_natasha
D:4:      layout_loops_ring, gammafunk_ghost_split
D:5:      layout_cave_pools, minitemple, minmay_temple_entry_drinking_statues,
          portal_sewer_entry_b, nicolae_sextant, uniq_menkaure
D:6:      layout_gridville, mainiacjoe_overflow_two_lobes, serial_shops, shop,
          uniq_eustachio
Temple:   eino_temple_scatter_basement

Skill      XL: |  1  2  3  4  5  6  7  8 |
---------------+-------------------------+-----
Maces & Flails | 3 4 5 7 8 9 |  9.8
Armour         | 1 2 |  2.0
Evocations     | 1 2 |  2.0
Fighting       | 3 |  3.2
Throwing       | |  1.7
Dodging        | |  2.6

Action                   |  1- 3 |  4- 6 |  7- 9 || total
-------------------------+-------+-------+-------++-------
Melee: Flail             |    78 |   137 |   126 ||   341
       Touch             |     9 |    25 |    37 ||    71
       Punch             |       |     3 |     2 ||     5
  Use: Scroll            |     2 |     9 |     7 ||    18
       Potion            |     1 |     2 |     3 ||     6
Armor: Leather armour    |     6 |       |       ||     6
       Scale mail        |    30 |       |       ||    30
       Chain mail        |    13 |    76 |    73 ||   162
       Troll leather arm |       |       |    14 ||    14
Dodge: Dodged            |    46 |    66 |    66 ||   178
Block: Other             |       |    13 |    28 ||    41

Table legend: (Time is in decaauts)
 A = Elapsed time spent in this place.
 B = Non-inter-level travel time spent in this place.
 C = Inter-level travel time spent in this place.
 D = Time resting spent in this place.
 E = Time spent auto-exploring this place.
 F = Levels seen in this place.
 G = Mean time per level.
                   A        B        C        D        E       F      G
               +--------+--------+--------+--------+--------+-----+--------+
         Total |   4884 |   4085 |    799 |    568 |   2188 |   8 |  610.5 |
       Dungeon |   4577 |   3797 |    780 |    568 |   2023 |   6 |  762.8 |
        Temple |    150 |    131 |     19 |      0 |    116 |   1 |  150.0 |
         Sewer |    156 |    156 |      0 |      0 |     49 |   1 |  156.0 |
               +--------+--------+--------+--------+--------+-----+--------+

Top non-repeatable levels by time:
     D:3: 1065 daAuts
     D:2: 967 daAuts
     D:4: 963 daAuts
     D:5: 841 daAuts
     D:1: 718 daAuts
   Sewer: 156 daAuts
  Temple: 150 daAuts
     D:6: 20 daAuts
